Map: Lightshade LE

Players

Scarlett - Winner!

  • Race: Zerg Zerg

Trap

  • Race: Protoss Protoss
  • League: Master

Event: DreamHack SC2 Masters 2021 Summer

VOD

Have the link to the VOD?

Description

Time

  • Played on: July 1, 2021, 10:38 a.m.
  • Length: 6:39
Show
View Real Time Build Order
Export as new Build Order

Scarlett Zerg - Winner!

Build Orders: Hatch First 

Get SALT Encoding   

  12  0:00  Drone  
  13  0:12  Overlord  
  13  0:17  Drone  
  14  0:31  Drone x2  
  16  0:42  Drone  
  17  0:55  Hatchery, Drone  
  17  0:58  Drone  
  18  1:09  Extractor  
  17  1:13  Spawning Pool  
  17  1:17  Drone  
  17  1:20  Drone  
  18  1:29  Drone  
  19  1:40  Drone  
  20  1:50  Overlord  
  20  2:00  Queen  
  22  2:07  Zergling x2, Queen  
  25  2:09  Drone  
  25  2:13  Drone  
  27  2:16  Metabolic Boost  
  27  2:19  Drone  
  29  2:22  Drone  
  29  2:29  Drone  
  30  2:34  Drone  
  31  2:40  Hatchery  
  31  2:43  Drone x2  
  32  2:48  Queen  
  34  2:53  Overlord  
  34  2:57  Drone  
  35  3:00  Drone  
  36  3:11  Drone  
  37  3:15  Drone  
  37  3:16  Drone x6  
  37  3:18  Overlord  
  44  3:24  Overlord  
  44  3:36  Queen x2  
  48  3:41  Drone x3  
  48  3:46  Drone x2  
  48  3:48  Roach Warren, Drone  
  52  3:50  Overlord  
  53  3:55  Drone  
  53  3:56  Drone  
  53  3:57  Drone x2  
  53  4:00  Overlord  
  57  4:06  Zergling x4  
  57  4:09  Overlord  
  59  4:18  Spore Crawler  
  59  4:19  Zergling x10  
  59  4:22  Lair  
  63  4:25  Extractor  
  63  4:26  Extractor  
  63  4:27  Zergling x4  
  64  4:34  Zergling x10, Extractor  
  68  4:49  Zergling x18  
  69  4:58  Roach x3  
  70  5:02  Roach  
  71  5:09  Roach x4  
  73  5:17  Zergling x2, Roach  
  73  5:18  Zergling x2  
  77  5:22  Zergling x8  
  77  5:24  Overseer  
  77  5:27  Zergling x8  
  77  5:28  Zergling x2  
  82  5:37  Zergling x2  
  82  5:38  Zergling x2  
  82  5:42  Zergling x2  
  81  5:44  Ravager x3  
  81  5:47  Zergling x2  
  85  5:53  Zergling x10  
  88  6:06  Zergling x6  
  88  6:09  Overlord  
  87  6:16  Ravager x4  
  87  6:19  Zergling x6  
  87  6:22  Overseer  
Show
View Real Time Build Order
Export as new Build Order

Trap Protoss 

Build Orders: 1 Gate Expand, Mass Adepts 

Get SALT Encoding   

  12  0:00  Probe  
  13  0:14  Pylon  
  13  0:17  Probe (Chrono Boost)  
  14  0:27  Probe (Chrono Boost)  
  15  0:32  Probe (Chrono Boost)  
  16  0:42  Gateway  
  16  0:44  Probe  
  17  0:50  Assimilator  
  17  0:56  Probe  
  18  1:08  Probe  
  19  1:20  Probe  
  19  1:25  Nexus  
  20  1:35  Cybernetics Core  
  20  1:37  Probe  
  21  1:45  Assimilator  
  21  1:50  Probe  
  22  1:54  Pylon  
  22  2:01  Probe  
  23  2:09  Probe, Adept (Chrono Boost)  
  23  2:11  Warp Gate  
  26  2:18  Probe  
  27  2:23  Twilight Council  
  27  2:29  Probe (Chrono Boost)  
  27  2:34  Stalker  
  30  2:37  Probe (Chrono Boost)  
  32  2:46  Probe (Chrono Boost)  
  32  2:47  Probe (Chrono Boost)  
  33  2:52  Probe x2 (Chrono Boost)  
  35  3:01  Gateway  
  35  3:04  Resonating Glaives (Chrono Boost)  
  35  3:05  Gateway  
  35  3:11  Probe  
  36  3:14  Probe  
  36  3:18  Adept  
  39  3:25  Pylon, Probe  
  39  3:26  Probe  
  41  3:38  Probe x2  
  43  3:50  Probe  
  43  3:51  Probe  
  43  3:55  Nexus  
  45  4:02  Adept x3  
  51  4:05  Pylon  
  51  4:07  Probe  
  51  4:08  Probe  
  53  4:15  Assimilator  
  53  4:16  Assimilator  
  53  4:24  Adept x3  
  57  4:27  Shield Battery  
  59  4:33  Robotics Facility  
  59  4:36  Pylon  
  59  4:39  Probe x2  
  61  4:51  Probe x2  
  59  4:59  Adept x3  
  65  5:03  Probe x2  
  59  5:15  Probe x3  
  59  5:19  Immortal (Chrono Boost), Adept x3  
  64  5:28  Probe  
  69  5:30  Probe  
  69  5:31  Pylon, Probe  
  71  5:41  Sentry  
  71  5:42  Sentry x2  
  67  5:47  Shield Battery  
  65  5:50  Shield Battery x2  
  65  5:52  Immortal (Chrono Boost)  
  62  6:04  Adept  
  62  6:05  Adept x2  
  56  6:24  Sentry  
  56  6:25  Sentry x2  
  58  6:33  Pylon  
Tags
 
Add a new tag
Caveats
  • Supply blocks, unpowered buildings, or Contaminate may cause inaccurate times.
  • Supply counts are checked every 10 seconds.